Map: Frostline LE

Players

wootwoot - Winner!

  • Race: Zerg Zerg
  • League: Diamond
  • Spawn Location: 7:00

IIIIIIllIIl

  • Race: Zerg Zerg
  • League: Diamond
  • Spawn Location: 1:00

VOD

Have the link to the VOD?

Description

Time

  • Played on: April 2, 2025, 4:38 p.m.
  • Length: 1:41
Show
View Real Time Build Order
Export as new Build Order

wootwoot Zerg - Winner!

Build Orders: Hatch First 

Get SALT Encoding   

  12  0:00  Drone  
  13  0:09  Drone  
  14  0:14  Drone, Extractor  
  15  0:35  Hatchery  
  14  0:38  Extractor  
  14  0:40  Drone  
  14  0:57  Spawning Pool  
  14  1:00  Drone  
  14  1:09  Overlord  
Show
View Real Time Build Order
Export as new Build Order

IIIIIIllIIl Zerg 

Build Orders: Hatch First 

Get SALT Encoding   

  12  0:02  Drone  
  13  0:07  Drone  
  14  0:16  Drone, Extractor  
  15  0:23  Overlord  
  15  0:44  Hatchery  
  15  0:47  Drone  
  15  0:52  Drone  
  15  0:55  Drone  
  17  1:00  Drone  
  17  1:02  Extractor  
  17  1:16  Spawning Pool  
  16  1:21  Drone  
  16  1:23  Drone  
Tags
 
Add a new tag
Caveats
  • Supply blocks, unpowered buildings, or Contaminate may cause inaccurate times.
  • Supply counts are checked every 10 seconds.